 Dungeon Crawl Stone Soup version 0.19-a0-630-g098d46c (webtiles) character file.

109 rabidgoldfish the Shooter (level 4, -1/30 HPs)
             Began as a High Elf Hunter on June 14, 2016.
             Slain by an ice beast (6 damage)
             ... on level 3 of the Dungeon.
             The game lasted 00:17:01 (1830 turns).

rabidgoldfish the Shooter (High Elf Hunter)         Turns: 1830, Time: 00:17:04

Health: -1/30      AC:  3    Str: 11    XL:     4   Next: 60%
Magic:  5/5        EV: 12    Int: 15    God:
Gold:   114        SH:  0    Dex: 16    Spells: 0 memorised, 3 levels left

rFire  . . .     SeeInvis .     a - +1 shortbow
rCold  . . .     Gourm    .     c - +0 leather armour
rNeg   . . .     Faith    .     (shield currently unavailable)
rPois  .         Spirit   .     (no helmet)
rElec  .         Dismiss  .     (no cloak)
rCorr  .         Reflect  .     (no gloves)
SustAt .         Harm     .     (no boots)
MR     .....                    (no amulet)
Stlth  ++........               (no ring)
                                (no ring)

@: not resistant to hostile enchantments, unstealthy
A: no striking features
a: no special abilities


You were on level 3 of the Dungeon.
You were not hungry.

You visited 1 branch of the dungeon, and saw 3 of its levels.

You collected 114 gold pieces.

Inventory:

Hand Weapons
 a - a +1 shortbow (weapon)
 b - a +0 short sword
Missiles
 d - 11 arrows (quivered)
Armour
 c - a +0 leather armour (worn)
Jewellery
 i - an uncursed amulet of dismissal {unknown}
 q - an uncursed ring of fire {unknown}
 t - an uncursed amulet of dismissal {unknown}
Scrolls
 h - a scroll of teleportation {unknown}
 l - a scroll of noise {unknown}
 m - 3 scrolls of identify {unknown}
 n - a scroll of remove curse {unknown}
 p - 3 scrolls of amnesia {unknown}
 r - a scroll of enchant armour {unknown}
 s - a scroll of random uselessness {unknown}
 u - a scroll of magic mapping {unknown}
Potions
 e - 4 potions of curing {unknown}
 j - a potion of haste {unknown}
 k - 2 potions of heal wounds {unknown}
 o - a potion of ambrosia {unknown}
Comestibles
 f - 2 bread rations
 g - 2 beef jerkies


   Skills:
 * Level 2.5 Fighting
 * Level 1.0 Short Blades
 + Level 7.1 Bows
 + Level 0.6 Armour
 + Level 2.5 Dodging
 + Level 1.1 Stealth


You had 3 spell levels left.
You didn't know any spells.

Dungeon Overview and Level Annotations

Branches:
Dungeon (3/15)

Altars:
Dithmenos
Gozag
Sif Muna
Trog


Message History

You shoot an arrow.
The arrow hits the ice beast but does no damage.
The ice beast is severely wounded.
The ice beast barely misses you.
Firing (i - inventory):
d - 13 arrows (quivered)
Press: ? - help, Shift-Dir - straight line, f/p - ice beast
Aim: an ice beast (severely wounded)
You shoot an arrow. The arrow hits the ice beast.
The ice beast is almost dead.
The ice beast closely misses you.
Firing (i - inventory):
d - 12 arrows (quivered)
Press: ? - help, Shift-Dir - straight line, f/p - ice beast
Aim: an ice beast (almost dead)
You shoot an arrow. The arrow closely misses the ice beast.
The arrow hits the hobgoblin.
You kill the hobgoblin!
The ice beast hits you.
* * * LOW HITPOINT WARNING * * *
The ice beast freezes you.
You die...

#(. .#(.
##.#.... ##
.##(#(.. ..
##. ..#.. #.
.. .(.. ####
.#.####). ...
....#.#Y#
##.##.....#@#
+.....#...#.#
###.#...# #.#
##.#.#####.#
#<.#.......#
#..#########
#..# #..#
##.#


You could see an ice beast.

Vanquished Creatures
  5 adders
  A worm (D:2)
  A dart slug (D:1)
  4 giant geckos
  A ball python (D:2)
  7 bats
  A giant cockroach (D:2)
  6 goblins
  6 hobgoblins
  7 giant newts
  15 kobolds
  4 rats
58 creatures vanquished.

Vanquished Creatures (others)
  A plant (D:1)
1 creature vanquished.

Grand Total: 59 creatures vanquished

Notes
Turn   | Place    | Note
--------------------------------------------------------------
     0 | D:1      | rabidgoldfish the High Elf Hunter began the quest for the Orb.
     0 | D:1      | Reached XP level 1. HP: 14/14 MP: 2/2
    96 | D:2      | Found a bloodstained altar of Trog.
   170 | D:1      | Reached XP level 2. HP: 19/19 MP: 3/3
   188 | D:1      | Reached skill level 6 in Bows
   570 | D:1      | Reached XP level 3. HP: 24/24 MP: 4/4
  1077 | D:2      | Reached XP level 4. HP: 24/30 MP: 5/5
  1203 | D:2      | Found a deep blue altar of Sif Muna.
  1282 | D:2      | Reached skill level 1 in Short Blades
  1282 | D:2      | Reached skill level 7 in Bows
  1653 | D:2      | Found a shadowy altar of Dithmenos.
  1653 | D:2      | Found an opulent altar of Gozag.
  1811 | D:3      | Noticed an ice beast
  1830 | D:3      | Slain by an ice beast

Vault maps used:
D:1:      roderic_octagonal_star, hex_medium, minmay_misc_feat_plants,
          lexackson_kobold_supper
D:2:      nicolae_overflow_crystal_walls, overflow_temple_1_default,
          gammafunk_temple_overflow_statue
D:3:      first_bread, uniq_jessica

Skill      XL: |  1  2  3  4 |
---------------+-------------+-----
Bows           | 6 7 |  7.1
Short Blades   | 1 |  1.0
Fighting       | |  2.5
Armour         | |  0.6
Dodging        | |  2.5
Stealth        | |  1.1

Action                   |  1- 3 |  4- 6 || total
-------------------------+-------+-------++-------
Melee: Short sword       |    13 |       ||    13
 Fire: Shortbow          |   108 |    58 ||   166
  Eat: Meat ration       |       |     1 ||     1
Armor: Leather armour    |    12 |     6 ||    18
Dodge: Dodged            |    34 |    29 ||    63
